 Dungeon Crawl Stone Soup version 0.31.0-32-g396128a36d (webtiles) character file.

Game seed: 13597118227962637449

72 booth the Cudgeller (level 4, -4/29 HPs)
             Began as a Gargoyle Monk on Mar 18, 2024.
             Splashed by a jelly's acid (7 damage)
             ... on level 3 of the Dungeon.
             The game lasted 00:10:05 (1962 turns).

booth the Cudgeller (Gargoyle Monk)                 Turns: 1962, Time: 00:10:06

Health: -4/29      AC:  0    Str: 17    XL:     4   Next: 26%
Magic:  4/4        EV: 12    Int: 10    God:
Gold:   172        SH:  0    Dex: 12    Spells: 3/3 levels left

rFire   . . .        a - +0 mace
rCold   . . .        d - orb {light}
rNeg    + . .        i - +0 leather armour
rPois   ∞            (no helmet)
rElec   +            (no cloak)
rCorr   .            p - +0 pair of gloves
SInv    .            (no boots)
Will    .....        (no amulet) Stlth
                     (no ring)
HPRegen 0.24/turn    (no ring)
MPRegen 0.09/turn

%: no passive effects
@: confused, ambrosia-drunk, corroded, glowing
A: sickness immunity, AC +3, negative energy resistance 1, electricity
resistance, torment resistance 1, petrification resistance
a: no special abilities


You were on level 3 of the Dungeon.
You visited 1 branch of the dungeon, and saw 3 of its levels.

You collected 172 gold pieces.

Inventory:

Hand Weapons
 a - a +0 mace (weapon)
Missiles
 k - a throwing net
 l - 5 boomerangs (quivered)
 n - 2 poisoned darts
Armour
 d - an orb of light (worn)
 i - a +0 leather armour (worn)
 p - a +0 pair of gloves (worn)
Jewellery
 g - a ring of flight
 h - a +6 ring of intelligence
Scrolls
 e - 3 scrolls of teleportation
 f - a scroll of brand weapon {unknown}
 q - a scroll of blinking {unknown}
Potions
 b - 2 potions of lignification
 c - a potion of ambrosia
 j - 2 potions of enlightenment
 m - a potion of magic {unknown}
 o - a potion of might {unknown}


   Skills:
 + Level 4.0 Fighting
 * Level 4.0 Maces & Flails
 + Level 2.9 Dodging


You had 3 spell levels left.
You didn't know any spells.
Your spell library contained the following spells:

 Spells                   Type           Power      Damage    Failure   Level
 Call Imp                 Summ           0%         N/A       56%         2
 Haunt                    Necr/Summ      0%         N/A       100%        7
 Summon Hydra             Summ           0%         N/A       100%        7
 Borgnjor's Revivificati  Necr           0%         N/A       100%        8
 Death's Door             Necr           0%         N/A       100%        9
 Sublimation of Blood     Necr           Unusable   N/A       N/A         2

Dungeon Overview and Level Annotations

Branches:
Dungeon (3/15)

Altars:
Hepliaklqana
Xom
Zin

Shops:
D:1 (


Innate Abilities, Weirdness & Mutations

You are immune to sickness and miasma.
Your stone body is resilient. (AC +3)
You are immune to poison.
You resist negative energy. (rN+)
You are resistant to electric shocks. (rElec)
You are resistant to unholy torment.
You are immune to petrification.


Message History

A hobgoblin comes into view.
The hobgoblin shouts!
Throw: 5 boomerangs
Press: ? - help, Q - select action, (/) - cycle Shift-Dir - straight line, f - hobgoblin
Aim: a hobgoblin (56% to hit)
You throw a boomerang. The boomerang hits the hobgoblin.
You kill the hobgoblin!
There is an escape hatch in the floor here.
You now have 172 gold pieces (gained 1).
You open the door.
Found a hazy altar of Hepliaklqana.
There is an open door here.
There is an open door here.
q - a scroll labelled ALIDEA EXKIUK You feel as though Xom is toying with you.
Suddenly, the walls become transparent!
The jelly quivers.
As you open the door, it creaks loudly!
A jelly comes into view.
The jelly quivers.
You hit the jelly.
Your hands burn!
The jelly is moderately wounded.
The jelly barely misses you.
You hit the jelly but do no damage. The acid corrodes you!
Your hands burn!
The jelly is moderately wounded.
The jelly barely misses you.
You hit the jelly but do no damage. The acid corrodes you!
Your hands burn!
The jelly is moderately wounded.
The jelly barely misses you. The jelly hits you.
You are splashed with acid.
You hit the jelly but do no damage.
Your hands burn!
The jelly is moderately wounded.
The jelly hits you.
* * * LOW HITPOINT WARNING * * *
You are splashed with acid.
* * * LOW HITPOINT WARNING * * *
You are confused.
You feel invigorated. The jelly hits you.
* * * LOW HITPOINT WARNING * * *
You are splashed with acid!
You die...

.#### #.# ....# #.#
.##.# #.# .##.# #.#
###.###.#########
##...##.........####
...#....#######....#
##...#### #####...#
###.#### ..+.J@..#
.......# ...###...#
###.##.###...# #...#
.........#._.+J+...#
........>#...###...#
...###..##...# #...#
.#.# #..###..+ +...#
.#.###..# #### #...#
.#.##...# #.#


You could see 2 jellies.

Vanquished Creatures
  2 adders
  A ribbon worm (D:2)
  3 dart slugs
  An orc (D:3)
  3 bats
  3 endoplasms
  3 goblins
  5 hobgoblins
  2 jackals (D:2)
  3 quokkas
  4 ball pythons
  A frilled lizard (D:2)
  9 kobolds
  4 rats
44 creatures vanquished.

Notes
Turn   | Place    | Note
-------+----------+-------------------------------------------
     0 | D:1      | booth the Gargoyle Monk began the quest for the Orb.
     0 | D:1      | Reached XP level 1. HP: 14/14 MP: 1/1
   152 | D:1      | Reached XP level 2. HP: 19/19 MP: 2/2
   188 | D:1      | Found Plog's Weapon Emporium.
   694 | D:2      | Reached XP level 3. HP: 24/24 MP: 3/3
  1537 | D:3      | Found a shimmering altar of Xom.
  1578 | D:3      | Found a glowing silver altar of Zin.
  1610 | D:3      | Reached XP level 4. HP: 28/29 MP: 4/4
  1870 | D:3      | Found a hazy altar of Hepliaklqana.
  1962 | D:3      | Splashed by a jelly's acid

Illustrated notes

Levels and vault maps discovered:
D:1:      psy_arrival_fountain, layout_rooms, serial_shops, nicolae_shop_trees
D:2:      minmay_kobold_bridge, layout_basic
D:3:      layout_loops_ring, mainiacjoe_overflow_alcove_4,
          worldfamousw_hep_ancestral_shrine, dk_xom_monty_hall, grunt_decor_cap

Skill      XL: |  1  2  3  4 |
---------------+-------------+-----
Maces & Flails | 4 |  4.0
Fighting       | 4 |  4.0
Dodging        | |  2.9

Action                     |  1- 3 |  4- 6 || total
---------------------------+-------+-------++-------
  Melee: Mace              |   123 |    13 ||   136
  Throw: Boomerang         |       |     7 ||     7
    Use: Scroll            |     3 |       ||     3
         Potion            |       |     1 ||     1
 Armour: Robe              |     9 |       ||     9
         Leather armour    |    54 |     6 ||    60
  Dodge: Dodged            |    84 |    10 ||    94
